 Dungeon Crawl Stone Soup version 0.31-a0-846-gb3bcc0d938 (webtiles) character file.

Game seed: 8932747517336351069

2 MachoJfn the Caller (level 1, 0/10 HPs)
             Began as a Kobold Summoner on Oct 3, 2023.
             Slain by a jackal (2 damage)
             ... on level 1 of the Dungeon.
             The game lasted 00:00:26 (126 turns).

MachoJfn the Caller (Kobold Summoner)                Turns: 126, Time: 00:00:26

Health: 0/10       AC:  2    Str:  5    XL:     1   Next: 44%
Magic:  3/3        EV: 15    Int: 16    God:
Gold:   0          SH:  0    Dex: 15    Spells: 3/4 levels left

rFire   . . .        (weapon restricted)
rCold   . . .        (no shield)
rNeg    . . .        a - +0 robe
rPois   .            (no helmet)
rElec   .            (no cloak)
rCorr   .            (no gloves)
SInv    .            (no boots)
Will    .....        (no amulet)
Stlth   +++          (no ring)
HPRegen 0.21/turn    (no ring)
MPRegen 0.08/turn

%: no passive effects
@: no status effects
A: small, no large weapons, nightstalker 3
a: no special abilities


You were on level 1 of the Dungeon.
You visited 1 branch of the dungeon, and saw 1 of its levels.

Inventory:

Armour
 a - a +0 robe (worn)


   Skills:
 + Level 2.4 Dodging
 + Level 2.9 Stealth
 + Level 2.1 Spellcasting
 + Level 4.0 Summonings


You had 3 spell levels left.
You knew the following spells:

 Your Spells              Type           Power      Damage    Failure   Level
a - Summon Small Mammal   Summ           56%        N/A       3%          1

Your spell library contained the following spells:

 Spells                   Type           Power      Damage    Failure   Level
 Call Imp                 Summ           28%        N/A       6%          2
 Call Canine Familiar     Summ           14%        N/A       12%         3
 Summon Guardian Golem    Hex/Summ       8%         N/A       26%         3
 Summon Lightning Spire   Summ/Air       8%         N/A       65%         4


Dungeon Overview and Level Annotations

Branches:
Dungeon (1/15)

Altars:


Innate Abilities, Weirdness & Mutations

You are small and have problems with some larger weapons.
You are completely attuned to the shadows.


Message History

There is a stone staircase leading down here.
You hit the jackal but do no damage. Your bat hits the hobgoblin.
The jackal barely misses you.
Your quokka bites the hobgoblin.
The hobgoblin barely misses your quokka.
You barely miss the jackal.
Your bat hits the hobgoblin but does no damage.
Your quokka misses the hobgoblin. The hobgoblin hits your quokka.
An endoplasm comes into view.
You closely miss the jackal. Your bat hits the hobgoblin.
Your quokka misses the hobgoblin. The jackal completely misses you.
The jackal closely misses you.
The hobgoblin barely misses your quokka.
The endoplasm barely misses your bat.
You hit the jackal but do no damage.
Your bat hits the hobgoblin but does no damage. x2
The jackal bites you. The jackal misses you.
A jackal comes into view.
Your quokka barely misses the hobgoblin.
The hobgoblin completely misses your bat.
You barely miss the jackal.
Your bat hits the hobgoblin but does no damage.
The jackal misses you. The jackal barely misses you.
Your quokka bites the hobgoblin.
The hobgoblin dies!
The jackal completely misses you. The jackal barely misses you.
The endoplasm barely misses your quokka.
Your quokka bites the jackal but does no damage.
Your bat closely misses the jackal.
The jackal attacks as it pursues you! The jackal misses you.
The endoplasm barely misses your bat.
Your quokka disappears in a puff of smoke!
The jackal bites you. x2
* * * LOW HITPOINT WARNING * * *
Your bat hits the jackal. The jackal misses you. x2
The jackal closely misses you. The jackal misses you.
You are too injured to fight recklessly!
Unknown command.
You are too injured to fight recklessly!
Magic courses through your body.
Your bat completely misses the jackal.
The jackal misses you. The jackal bites you.
You die...

........#
........#
....J...#
.....§br#
.....h..#
...#.h@.#
.. #.h..#
.
####.####
#....##
####..##
#####..#
#......##
.#.#.##..#
.........#


You could see an endoplasm, 3 jackals, a friendly quokka (summoned) and a
friendly bat (summoned).

Vanquished Creatures (collateral kills)
  An endoplasm (D:1)
  A hobgoblin (D:1)
2 creatures vanquished.

Notes
Turn   | Place    | Note
-------+----------+-------------------------------------------
     0 | D:1      | MachoJfn the Kobold Summoner began the quest for the Orb.
     0 | D:1      | Reached XP level 1. HP: 10/10 MP: 3/3
   126 | D:1      | Slain by a jackal

Illustrated notes

Levels and vault maps discovered:
D:1:      minmay_arrival_five_plusses, layout_basic,
          chequers_serial_rivers_small_b

Action                     || total
---------------------------++-------
  Melee: Unarmed           ||     5
   Cast: Summon Small Mamm ||     7
    Use: Potion            ||     1
 Armour: Robe              ||     4
  Dodge: Dodged            ||    14

Table legend: (Time is in decaauts)
 A = Elapsed time spent in this place.
 B = Non-inter-level travel time spent in this place.
 C = Inter-level travel time spent in this place.
 D = Time resting spent in this place.
 E = Time spent auto-exploring this place.
 F = Levels seen in this place.
 G = Mean time per level.
                   A        B        C        D        E       F      G
               +--------+--------+--------+--------+--------+-----+--------+
         Total |    126 |    126 |      0 |      0 |    101 |   1 |  126.0 |
       Dungeon |    126 |    126 |      0 |      0 |    101 |   1 |  126.0 |
               +--------+--------+--------+--------+--------+-----+--------+

Top non-repeatable levels by time:
     D:1: 126 daAuts
